 Dungeon Crawl Stone Soup version 0.30-a0-883-g5ad918d77d (webtiles) character file.

Game seed: 5536814110052706300

4616 Axe the Covert (level 10, -3/71 HPs)
             Began as an Octopode Fighter on Mar 18, 2023.
             Was an Initiate of Yredelemnul.
             Slain by an elephant (13 damage)
             ... on level 8 of the Dungeon.
             The game lasted 00:14:54 (7144 turns).

Axe the Covert (Octopode Fighter)                   Turns: 7144, Time: 00:14:54

Health: -3/71      AC:  1    Str: 21    XL:     10   Next: 42%
Magic:  14/14      EV: 15    Int: 15    God:    Yredelemnul [......]
Gold:   389        SH: 10    Dex: 11    Spells: 9/9 levels left

rFire   . . .      SeeInvis .    d - +3 war axe of Paubilom {speed, rPois Will+ Str+2 Int+3}
rCold   + . .      Faith    .    b - +0 buckler
rNeg    . . .      Spirit   .    (helmet restricted)
rPois   +          Reflect  +    E - amulet of reflection
rElec   .          Rampage  .    y - ring of protection from cold
rCorr   .                        (no ring)
Will    +....                    (no ring)
Stlth   +++++                    (no ring)
HPRegen 0.31/turn                (no ring)
MPRegen 0.14/turn                (no ring)
                                 (no ring)
                                 (no ring)

@: about to teleport
A: almost no armour, amphibious, 8 rings, camouflage 1, gelatinous body 1,
(nimble swimmer 1), tentacles
a: Renounce Religion, Recall Undead Harvest


You were on level 8 of the Dungeon.
You worshipped Yredelemnul.
Yredelemnul was noncommittal.
You visited 2 branches of the dungeon, and saw 10 of its levels.

You collected 389 gold pieces.

Inventory:

Hand Weapons
 a - a +0 war axe
 d - the +3 war axe of Paubilom (weapon) {speed, rPois Will+ Str+2 Int+3}
   (You found it on level 5 of the Dungeon)

   Str:       It affects your strength (+2).
   Int:       It affects your intelligence (+3).
   rPois:     It protects you from poison.
   Will:      It increases your willpower.
Missiles
 h - 2 javelins (quivered)
Armour
 b - a +0 buckler (worn)
Jewellery
 y - a ring of protection from cold (left tentacle)
 E - an amulet of reflection (around mantle)
Wands
 G - a wand of roots (1)
Scrolls
 e - 2 scrolls of poison
 g - 5 scrolls of identify
 i - a scroll of immolation
 j - 4 scrolls of teleportation
 k - a scroll of magic mapping {unknown}
 n - 2 scrolls of enchant weapon {unknown}
 q - a scroll of amnesia {unknown}
 s - a scroll of acquirement {unknown}
 t - a scroll of silence {unknown}
 u - 3 scrolls of vulnerability {unknown}
 v - a scroll of enchant armour {unknown}
 w - 2 scrolls of fear {unknown}
 x - 2 scrolls of fog {unknown}
 C - a scroll of brand weapon {unknown}
 D - a scroll of torment {unknown}
Potions
 c - a potion of invisibility
 f - 2 potions of flight
 l - 3 potions of heal wounds
 m - 2 potions of haste
 o - 2 potions of attraction {unknown}
 p - a potion of mutation {unknown}
 r - a potion of cancellation
 z - 4 potions of curing
 A - 2 potions of degeneration {unknown}
 B - a potion of resistance {unknown}
 F - 3 potions of brilliance {unknown}


   Skills:
 + Level 7.3 Fighting
 + Level 7.0 Axes
 + Level 7.3 Dodging
 + Level 9.4 Stealth
 - Level 4.6 Shields
 + Level 6.0 Invocations


You had 9 spell levels left.
You didn't know any spells.
Your spell library contained the following spells:

 Spells                   Type           Power      Damage    Failure   Level
 Sandblast                Erth           0%         2d4       34%         1
 Passwall                 Tmut/Erth      0%         N/A       45%         2
 Inner Flame              Hex/Fire       0%         N/A       71%         3
 Stone Arrow              Conj/Erth      0%         3d7       71%         3
 Cause Fear               Hex            0%         N/A       98%         4
 Discord                  Hex            0%         N/A       100%        8


Dungeon Overview and Level Annotations

Branches:
Dungeon (9/15)             Temple (0/1) D:7            Lair (1/5) D:8
    Orc: D:9-12

Altars:
Dithmenos
Hepliaklqana
Makhleb
Nemelex Xobeh
Okawaru
Qazlal
Sif Muna
Yredelemnul
The Shining One

Shops:
D:6 *   D:7 [   D:8 =


Innate Abilities, Weirdness & Mutations

You cannot wear most types of armour.
You are amphibious.
You can wear up to eight rings at the same time.
Your skin changes colour to match your surroundings (Stealth+).
Your rubbery body absorbs attacks. (AC +1, EV +1)
((You are camouflaged when in or above water. (Stealth+)))
You have tentacles for arms and can constrict up to eight enemies at once.


Message History

You hear a trumpeting!
The elephant struggles to escape constriction. x2
The grasping roots constrict the elephant. x2
The elephant struggles to escape constriction.
The elephant escapes!
You see here a +0 mace.
The grasping roots constrict the elephant.
The roots release their grip on the elephant.
An elephant comes into view. x2
The elephant attacks as you move away! The elephant tramples you.
The elephant trunk-slaps you. The elephant attacks as you move away!
The elephant tramples you! The elephant barely misses you.
The elephant attacks as you move away! You block the elephant's attack. x2
The elephant attacks as you move away! You block the elephant's attack.
The elephant barely misses you. The elephant attacks as you move away!
You block the elephant's attack. The elephant misses you.
The elephant attacks as you move away! The elephant tramples you.
The elephant barely misses you. The elephant attacks as you move away!
The elephant completely misses you. You block the elephant's attack.
The elephant attacks as you move away! The elephant tramples you.
You block the elephant's attack.
There is a staircase back to the Dungeon here.
The elephant misses you.
The elephant trunk-slaps you but does no damage.
You climb upwards.
Welcome back to the Dungeon!
There is a staircase to the Lair here.
The elephant attacks as you move away! The elephant tramples you!
* * * LOW HITPOINT WARNING * * *
The elephant trunk-slaps you.
* * * LOW HITPOINT WARNING * * *
As you read the scroll of teleportation, it crumbles to dust.
You feel strangely unstable. The elephant tramples you!
* * * LOW HITPOINT WARNING * * *
You hold your ground!
The elephant completely misses you. The elephant attacks as you move away!
The elephant tramples you!
You die...
Your body rises from the dead as a mindless zombie.

..ZZ##...Z#####.#..#...#..##
....###Z#ZZ.ZZ..#.##P..##.# ....#
#Z#.#####.#.........# ....#
#Z#.....#.#≈...>...≈# ....#
#.#######.#..P......# ##### ....#
#.........#.##...##.# #....
....#############..#...#..###....
....##.....# #Y#...≈...#.##....
#######....# #@...###....##....
#.....#....# #...........##....
#.♣.♣.#....#####..........###....
#..∩..#...Z.ZZ.#.#.###.#.## #####
#.♣.♣.#...Z###Z#.#...#.#.#
#..Z..#....# #Z#.#####.#.#
###Z###....# #.#.......#.#
#.Z..Z...# #Z#########.#
########## #.ZZZZZ...Z.#


You could see an elephant.

Vanquished Creatures
  An ugly thing (D:9)
  An elephant (Lair:1)
  A cane toad (Lair:1)
  2 steam dragons
  3 water moccasins
  2 orc warriors
  2 ice beasts
  2 black bears
  A sky beast (D:6)
  2 centaurs
  A phantom (D:6)
  A bullfrog (D:7)
  2 kobold brigands
  2 scorpions
  2 jellies
  4 killer bees
  3 hounds (D:6)
  3 orc priests
  8 iguanas
  5 orc wizards
  A scorpion zombie (D:6)
  3 adders
  A shadow imp (D:6)
  A white imp (D:7)
  3 ufetubi
  An iguana zombie (D:6)
  A spectral shadow imp (D:6)
  3 worms (D:2)
  2 dart slugs
  15 orcs
  6 ball pythons
  8 endoplasms
  3 giant cockroaches
  8 hobgoblins
  4 jackals (D:4)
  2 quokkas
  3 bats
  2 frilled lizards (D:1)
  9 goblins
  14 kobolds
  2 rats
140 creatures vanquished.

Vanquished Creatures (collateral kills)
  A cyclops (D:9)
  An ogre (D:6)
  A sky beast (D:6)
  A phantom (D:5)
  A kobold brigand (D:8)
  2 jellies (D:6)
  An orc priest (D:6)
  An iguana (D:6)
  An orc wizard (D:7)
  A white imp (D:5)
  4 orcs
  2 kobolds (D:8)
17 creatures vanquished.

Vanquished Creatures (others)
  A bullfrog zombie (D:7)
  A kobold zombie (D:7)
  2 orc zombies
  A spectral ufetubus (D:5)
  6 fungi (D:8)
  7 plants (D:8)
18 creatures vanquished.

Grand Total: 175 creatures vanquished

Notes
Turn   | Place    | Note
-------+----------+-------------------------------------------
     0 | D:1      | Axe the Octopode Fighter began the quest for the Orb.
     0 | D:1      | Reached XP level 1. HP: 16/16 MP: 1/1
   285 | D:1      | Reached XP level 2. HP: 19/21 MP: 2/2
   324 | D:1      | Reached skill level 1 in Stealth
  1030 | D:2      | Reached XP level 3. HP: 26/26 MP: 3/3
  1357 | D:2      | Reached skill level 2 in Stealth
  1414 | D:2      | Found the amulet of Elemental Vulnerability {rPois rF--
                  | rC-- AC+8}
  1500 | D:2      | Found a glowing golden altar of the Shining One.
  1811 | D:2      | Reached XP level 4. HP: 21/31 MP: 4/4
  2454 | D:4      | Reached XP level 5. HP: 36/36 MP: 5/5
  2524 | D:4      | Noticed a black bear
  2534 | D:4      | Killed a black bear
  2535 | D:4      | Reached skill level 3 in Stealth
  2535 | D:4      | Reached XP level 6. HP: 41/43 MP: 6/6
  2745 | D:4      | Found a sparkling altar of Nemelex Xobeh.
  2748 | D:4      | Found a stormy altar of Qazlal.
  2748 | D:4      | Found a hazy altar of Hepliaklqana.
  2754 | D:4      | Found a shimmering blue altar of Sif Muna.
  2756 | D:4      | Found a shadowy altar of Dithmenos.
  2758 | D:4      | Found a basalt altar of Yredelemnul.
  2761 | D:4      | Found a burning altar of Makhleb.
  2762 | D:4      | Found an iron altar of Okawaru.
  2778 | D:4      | Became a worshipper of Yredelemnul the Dark
  3152 | D:5      | Entered Level 5 of the Dungeon
  3204 | D:5      | Reached skill level 4 in Stealth
  3251 | D:5      | Reached * piety under Yredelemnul
  3252 | D:5      | Reached XP level 7. HP: 23/48 MP: 7/7
  3478 | D:5      | Reached ** piety under Yredelemnul
  3631 | D:5      | Reached skill level 5 in Stealth
  3636 | D:5      | Identified the +3 war axe of Paubilom {speed, rPois Will+
                  | Str+2 Int+3}
  3957 | D:6      | Reached skill level 1 in Invocations
  3968 | D:6      | Found Zuodgh's Fire Supplies.
  3979 | D:6      | Reached XP level 8. HP: 14/54 MP: 8/8
  4133 | D:6      | Reached skill level 5 in Dodging
  4143 | D:6      | Reached skill level 5 in Fighting
  4394 | D:6      | Reached skill level 6 in Stealth
  4522 | D:6      | Reached skill level 5 in Axes
  4687 | D:6      | Reached *** piety under Yredelemnul
  4691 | D:6      | Reached XP level 9. HP: 10/62 MP: 8/11
  5053 | D:7      | Reached skill level 7 in Stealth
  5132 | D:7      | Found a staircase to the Ecumenical Temple.
  5252 | D:7      | Found Wuxest's Antique Armour Shoppe.
  6053 | D:8      | Found a staircase to the Lair.
  6078 | D:8      | Reached skill level 8 in Stealth
  6698 | D:8      | Found Ylonauro's Jewellery Shoppe.
  6793 | D:9      | Reached skill level 5 in Invocations
  6804 | D:9      | Noticed a purple ugly thing
  6819 | D:9      | Killed a purple ugly thing
  6820 | D:9      | Reached XP level 10. HP: 34/69 MP: 12/14
  6827 | D:9      | Noticed a cyclops
  6830 | D:9      | Noticed a centaur warrior
  6830 | D:9      | Noticed a black mamba
  6831 | D:9      | Identified the +0 leather armour "Veihaaxt" {Stlth+}
  6840 | D:9      | Killed a cyclops
  6841 | D:9      | Reached skill level 9 in Stealth
  7061 | Lair:1   | Entered Level 1 of the Lair of Beasts
  7074 | Lair:1   | Noticed an elephant
  7076 | Lair:1   | Noticed a cane toad
  7088 | Lair:1   | Killed a cane toad
  7092 | Lair:1   | Noticed an elephant
  7092 | Lair:1   | Noticed an elephant
  7099 | Lair:1   | Noticed an elephant
  7102 | Lair:1   | Killed an elephant
  7107 | Lair:1   | Noticed an elephant
  7107 | Lair:1   | Noticed an elephant
  7144 | D:8      | Slain by an elephant

Illustrated notes

Levels and vault maps discovered:
D:1:      reono_arrival_forest_river, layout_basic, minmay_door_square
D:2:      layout_loops_ring, basic_altar
D:3:      layout_rooms
D:4:      layout_loops_ring, nicolae_overflow_hallway_of_the_gods
D:5:      layout_gridville, nicolae_eternal_life
D:6:      layout_basic, serial_glass, glass_columns_b, glass_columns_c,
          nicolae_shop_fire_sale [nicolae_sub_dead_trees]
D:7:      layout_basic, minmay_temple_entry_sparse_star, serial_shops,
          shop_fountains
D:8:      layout_basic, dpeg_oklobed_lair, serial_shops, kennysheep_little_box
D:9:      hangedman_cross_cluster, layout_layer_cave, serial_shops, shop,
          enter_bailey_2, fountainhead, minmay_orc_keep
Lair:1:   layout_regular_city, uniq_erica

Skill      XL: |  1  2  3  4  5  6  7  8  9 10 |
---------------+-------------------------------+-----
Stealth        | 1 2 3 4 5 6 8 9 |  9.4
Axes           | 3 4 5 6 7 |  7.0
Dodging        | 4 5 6 7 |  7.3
Fighting       | 4 5 6 7 |  7.3
Shields        | 4 |  4.6
Invocations    | 1 3 5 6 |  6.0

Action                     |  1- 3 |  4- 6 |  7- 9 | 10-12 || total
---------------------------+-------+-------+-------+-------++-------
  Melee: War axe           |    56 |    75 |   157 |    13 ||   301
         Constrict         |    12 |    24 |    26 |     3 ||    65
         Tentacles         |     9 |    15 |    39 |     7 ||    70
         Punch             |       |     1 |     2 |       ||     3
  Throw: Javelin           |     2 |       |     3 |       ||     5
 Invoke: Recall Undead Har |       |       |    10 |       ||    10
         Dark Bargain      |       |       |       |     1 ||     1
  Evoke: Wand              |       |       |       |     2 ||     2
    Use: Potion            |       |     4 |     3 |       ||     7
         Scroll            |       |       |     4 |     1 ||     5
   Stab: Sleeping          |    13 |     8 |     7 |       ||    28
 Armour: Skin              |     1 |    23 |     9 |     1 ||    34
  Dodge: Dodged            |    23 |    50 |   115 |    12 ||   200
  Block: Buckler           |     6 |    13 |    37 |    12 ||    68

Table legend: (Time is in decaauts)
 A = Elapsed time spent in this place.
 B = Non-inter-level travel time spent in this place.
 C = Inter-level travel time spent in this place.
 D = Time resting spent in this place.
 E = Time spent auto-exploring this place.
 F = Levels seen in this place.
 G = Mean time per level.
                   A        B        C        D        E       F      G
               +--------+--------+--------+--------+--------+-----+--------+
         Total |   7167 |   6927 |    240 |   1663 |   3891 |  10 |  716.7 |
       Dungeon |   7095 |   6856 |    239 |   1663 |   3882 |   9 |  788.3 |
          Lair |     71 |     71 |      0 |      0 |      9 |   1 |   71.0 |
               +--------+--------+--------+--------+--------+-----+--------+

Top non-repeatable levels by time:
     D:6: 1120 daAuts
     D:1: 1037 daAuts
     D:8: 1004 daAuts
     D:2: 949 daAuts
     D:7: 938 daAuts
     D:5: 774 daAuts
     D:4: 718 daAuts
     D:3: 497 daAuts
  Lair:1: 71 daAuts
     D:9: 55 daAuts
